 Dungeon Crawl Stone Soup version 0.30-a0-172-gc5509c9e31 (webtiles) character file.

Game seed: 17001915341225590874

130 12572944 the Caller (level 4, -2/24 HPs)
             Began as a Deep Elf Summoner on Oct 1, 2022.
             Splashed by a jelly's acid (11 damage)
             ... on level 4 of the Dungeon.
             The game lasted 00:10:57 (3470 turns).

12572944 the Caller (Deep Elf Summoner)             Turns: 3470, Time: 00:10:58

Health: -2/24      AC:  2    Str:  5    XL:     4   Next: 89%
Magic:  8/12       EV: 13    Int: 22    God:
Gold:   203        SH:  0    Dex: 15    Spells: 2/11 levels left

rFire   . . .      SeeInvis .    w - +0 short sword (speed)
rCold   . . .      Faith    .    (no shield)
rNeg    . . .      Spirit   .    a - +0 robe
rPois   .          Reflect  .    (no helmet)
rElec   .          Harm     .    (no cloak)
rCorr   .          Rampage  .    (no gloves)
Will    .....                    (no boots)
Stlth   ++........               (no amulet)
HPRegen 0.24/turn                (no ring)
MPRegen 0.13/turn                (no ring)

@: no status effects
A: no striking features
a: no special abilities


You were on level 4 of the Dungeon.
You visited 1 branch of the dungeon, and saw 4 of its levels.

You collected 203 gold pieces.

Inventory:

Hand Weapons
 f - a +0 dagger
 i - a +0 short sword
 w - a +0 short sword of speed (weapon)
 A - a +0 rapier
Missiles
 h - 23 stones
 l - 8 poisoned darts
Armour
 a - a +0 robe (worn)
Magical Staves
 d - a staff of fire
 n - a staff of cold
 q - a staff of air
 y - a staff of earth
Jewellery
 t - a ring of flight
Wands
 o - a wand of flame (13)
Scrolls
 e - a scroll of enchant armour {unknown}
 g - a scroll of magic mapping {unknown}
 j - 4 scrolls of identify {unknown}
 k - a scroll of amnesia {unknown}
 p - a scroll of fog {unknown}
 s - a scroll of noise {unknown}
 u - a scroll of enchant weapon {unknown}
 x - a scroll of blinking {unknown}
Potions
 b - 3 potions of magic
 c - a potion of attraction {unknown}
 m - a potion of flight {unknown}
 r - a potion of lignification {unknown}
 v - a potion of might {unknown}
 z - a potion of mutation {unknown}


   Skills:
 + Level 3.4 Dodging
 + Level 3.6 Stealth
 + Level 4.0 Spellcasting
 * Level 1.6 Hexes
 - Level 5.2 Summonings


You had 2 spell levels left.
You knew the following spells:

 Your Spells              Type           Power      Damage    Failure   Level
a - Summon Small Mammal   Summ           100%       N/A       1%          1
b - Call Imp              Summ           27%        N/A       1%          2
c - Call Canine Familiar  Summ           27%        N/A       3%          3
d - Summon Guardian Gole  Hex/Summ       19%        N/A       9%          3

Your spell library contained the following spells:

 Spells                   Type           Power      Damage    Failure   Level
 Apportation              Tloc           8%         N/A       11%         1
 Ozocubu's Armour         Ice            4%         N/A       32%         3
 Summon Lightning Spire   Summ/Air       16%        N/A       36%         4
 Metabolic Englaciation   Hex/Ice        4%         N/A       91%         5
 Alistair's Intoxication  Tmut/Pois      2%         N/A       97%         5
 Simulacrum               Ice/Necr       2%         N/A       100%        6


Dungeon Overview and Level Annotations

Branches:
Dungeon (4/15)
 Temple: D:4-7

Altars:
Kikubaaqudgha
Xom

Annotations:
D:3 2 transporters, glaedl's ghost, weakling TrFi


Message History

The howler monkey howls!
Casting: Summon Guardian Golem (quite dangerous; 9% risk of failure)
Confirm with . or Enter, or press ? or * to list all spells.
The spell is quite dangerous to miscast (9% risk of failure)!
Continue anyway?
A guardian golem appears, shielding your allies.
The howler monkey hits your guardian golem.
The howler monkey hits your guardian golem but does no damage.
The howler monkey hits your guardian golem.
The howler monkey hits your guardian golem.
The howler monkey hits your guardian golem but does no damage.
The howler monkey hoots and howls with incredible vigour!
You hear an angry hiss.
You hear a shout! x4
The howler monkey hits your guardian golem.
The howler monkey hits your guardian golem.
The howler monkey hits your guardian golem but does no damage.
The howler monkey hoots and howls with incredible vigour!
You hear a shout! x3
The howler monkey hits your guardian golem.
The howler monkey hoots and howls with incredible vigour!
The howler monkey hits your guardian golem.
A jelly comes into view.
The howler monkey hits your guardian golem but does no damage.
The howler monkey hoots and howls with incredible vigour!
You hear a shout! x2
The jelly attacks as you move away! The jelly hits you.
You are splashed with acid.
The howler monkey hits your guardian golem.
An adder comes into view.
The jelly attacks as you move away! The jelly closely misses you.
The howler monkey hits your guardian golem but does no damage.
The howler monkey hoots and howls with incredible vigour!
The jelly attacks as you move away! The jelly hits you.
You are splashed with acid!
Something bites your guardian golem but does no damage.
Something bites your guardian golem but does no damage.
Casting: Summon Guardian Golem (quite dangerous; 9% risk of failure)
Confirm with . or Enter, or press ? or * to list all spells.
The spell is quite dangerous to miscast (3% risk of failure)!
Continue anyway?
The jelly hits you.
You are splashed with acid!
You die...

#. ##.###
#.....
#.>...#######
+.......)...#
#.# #..#
#.#####.##
#......9S#
#h.@Jh.#..#
#<.)...##....
########
#S### ... ...
...


You could see a howler monkey (ally target), a jelly (ally target), an adder, a
friendly guardian golem (summoned) and a friendly hound (summoned).

Vanquished Creatures
  3 ball pythons
  2 endoplasms
  A giant cockroach (D:4)
  2 goblins
  2 hobgoblins
  5 bats
  A frilled lizard (D:2)
  4 kobolds
  A rat (D:2)
21 creatures vanquished.

Vanquished Creatures (collateral kills)
  6 adders
  4 dart slugs (D:1)
  3 orcs (D:3)
  4 ball pythons
  4 bats
  4 endoplasms
  2 giant cockroaches
  3 goblins (D:2)
  A hobgoblin (D:1)
  4 kobolds
  A quokka (D:2)
  2 frilled lizards (D:1)
  4 rats
42 creatures vanquished.

Vanquished Creatures (others)
  A hobgoblin (D:1)
  A withered plant (D:3)
2 creatures vanquished.

Grand Total: 65 creatures vanquished

Notes
Turn   | Place    | Note
-------+----------+-------------------------------------------
     0 | D:1      | 12572944 the Deep Elf Summoner began the quest for the Orb.
     0 | D:1      | Reached XP level 1. HP: 10/10 MP: 6/6
   206 | D:1      | Reached XP level 2. HP: 15/15 MP: 4/8
   231 | D:1      | Learned a level 2 spell: Call Imp
   671 | D:1      | Reached XP level 3. HP: 18/19 MP: 2/9
  1134 | D:2      | Learned a level 3 spell: Call Canine Familiar
  1177 | D:2      | Reached skill level 5 in Summonings
  1488 | D:2      | Found a shimmering altar of Xom.
  1531 | D:2      | Reached XP level 4. HP: 24/24 MP: 11/11
  1714 | D:2      | Learned a level 3 spell: Summon Guardian Golem
  1773 | D:2      | Found a faded altar of an unknown god.
  2496 | D:3      | Reached skill level 1 in Hexes
  2583 | D:3      | Found a transporter.
  2686 | D:3      | Found an ancient bone altar of Kikubaaqudgha.
  2975 | D:3      | Noticed glaedl's ghost (weakling TrFi)
  2986 | D:3      | Found a transporter.
  3470 | D:4      | Splashed by a jelly's acid

Illustrated notes

Levels and vault maps discovered:
D:1:      minmay_arrival_jagged, layout_basic
D:2:      layout_loops_corners, shapermc_ecumenical_altar_hornbeckon,
          basic_altar, kennysheep_decorative_pillar, nrook_uturn, st_stairs_13,
          nrook_mini_vaults, minmay_3d_cube
D:3:      layout_basic, kiku_gazebo_garden_becter, gammafunk_ghost_arena
D:4:      layout_basic, minmay_temple_entry_ruins

Skill      XL: |  1  2  3  4 |
---------------+-------------+-----
Stealth        | 3 |  3.6
Dodging        | 3 |  3.4
Summonings     | 5 |  5.2
Hexes          | 1 |  1.6
Spellcasting   | 4 |  4.0

Action                   |  1- 3 |  4- 6 || total
-------------------------+-------+-------++-------
Melee: Dagger            |    16 |    22 ||    38
       Short sword       |       |     9 ||     9
 Cast: Summon Small Mamm |    20 |     7 ||    27
       Call Imp          |    10 |     5 ||    15
       Call Canine Famil |     5 |    13 ||    18
       Summon Guardian G |       |     2 ||     2
 Stab: Sleeping          |     5 |    11 ||    16
       Distracted        |     1 |       ||     1
Armor: Robe              |     4 |     2 ||     6
Dodge: Dodged            |    17 |    37 ||    54

Table legend: (Time is in decaauts)
 A = Elapsed time spent in this place.
 B = Non-inter-level travel time spent in this place.
 C = Inter-level travel time spent in this place.
 D = Time resting spent in this place.
 E = Time spent auto-exploring this place.
 F = Levels seen in this place.
 G = Mean time per level.
                   A        B        C        D        E       F      G
               +--------+--------+--------+--------+--------+-----+--------+
         Total |   3474 |   3316 |    158 |     76 |   2623 |   4 |  868.5 |
       Dungeon |   3474 |   3316 |    158 |     76 |   2623 |   4 |  868.5 |
               +--------+--------+--------+--------+--------+-----+--------+

Top non-repeatable levels by time:
     D:2: 1318 daAuts
     D:1: 1128 daAuts
     D:3: 986 daAuts
     D:4: 41 daAuts
